cohdb
Replays
Latest Replays
All Replays
Popular Replays
Top Player Replays
Match Explorer
How It Works
Community
CoH3 Stats
Reddit
Sign in to upload your games and track your stats! →
Sign in with Steam
Match 41710119
Unlisted
Match 41710119
Overview
Messages
Build Orders
End
Pioneer Squad
Construct Infanterie Kompanie
Grenadier Squad
MG 42 Machine Gun Team
Grenadier Squad
Construct Luftwaffe Kompanie
221 Scout Car
Medical Bunker
Selects Mechanized Battlegroup
Jäger Squad
SteveMcQueef
87390382
astrostorm
RustysReturn
カルト_くん
Strategist
U NOOB EZ
Kakashi
0
0
Comments
sign in to comment!
No comments posted yet!